 Dungeon Crawl Stone Soup version 0.31-a0-233-g139696dc86 (webtiles) character file.

Game seed: 17753638158527134733

49 qw the Shooter (level 3, -1/21 HPs)
             Began as a Gargoyle Hexslinger on July 7, 2023.
             Slain by an orc
             ... wielding a +0 short sword
              (3 damage)
             ... on level 3 of the Dungeon.
             The game lasted 00:00:34 (1410 turns).

qw the Shooter (Gargoyle Hexslinger)                Turns: 1410, Time: 00:00:35

Health: -1/21      AC:  5    Str: 11    XL:     3   Next: 77%
Magic:  4/4        EV: 12    Int: 13    God:
Gold:   69         SH:  0    Dex: 14    Spells: 3/4 levels left

rFire   . . .        Y - +1 sling
rCold   . . .        (no shield)
rNeg    + . .        c - +0 robe
rPois   inf          (no helmet)
rElec   +            (no cloak)
rCorr   .            (no gloves)
SInv    .            (no boots)
Will    .....        e - amulet of the acrobat
Stlth   +            (no ring)
HPRegen 0.23/turn    (no ring)
MPRegen 0.09/turn

%: acrobat
@: no status effects
A: sickness immunity, AC +3, negative energy resistance 1, electricity
resistance, torment resistance 1, petrification resistance
a: no special abilities


You were on level 3 of the Dungeon.
You visited 1 branch of the dungeon, and saw 3 of its levels.

You collected 69 gold pieces.


Innate Abilities, Weirdness & Mutations

You are immune to sickness and miasma.
Your stone body is resilient. (AC +3)
You are immune to poison.
You resist negative energy. (rN+)
You are resistant to electric shocks. (rElec)
You are resistant to unholy torment.
You are immune to petrification.


   Skills:
 - Level 2.1 Fighting
 + Level 3.5 Ranged Weapons
 - Level 1.5 Dodging
 - Level 1.0 Spellcasting
 - Level 2.6 Hexes


You had 3 spell levels left.
You knew the following spells:

 Your Spells              Type           Power      Damage    Failure   Level
a - Slow                  Hex            28%        N/A       10%         1

Your spell library contained the following spells:

 Spells                   Type           Power      Damage    Failure   Level
 Inner Flame              Hex/Fire       4%         N/A       43%         3
 Portal Projectile        Hex/Tloc       8%         N/A       43%         3
 Cause Fear               Hex            3%         N/A       67%         4

Inventory:

Hand Weapons
 Y - a +1 sling (weapon)
Armour
 c - a +0 robe (worn)
 g - a +0 ring mail
Jewellery
 e - an amulet of the acrobat (around neck)
Scrolls
 b - a scroll of revelation {unknown}
 m - 2 scrolls of identify
Potions
 a - a potion of mutation {unknown}
 d - a potion of brilliance {unknown}
 f - a potion of might
 h - a potion of berserk rage {unknown}
 i - a potion of curing
 j - a potion of cancellation {unknown}
 k - a potion of resistance {unknown}

Dungeon Overview and Level Annotations

Branches:
Dungeon (3/15)

Altars:


Message History

You kill the orc!
The orc priest invokes the aid of Beogh against you.
Pain shoots through your body!
1400 ||| Stepping ~*~*~tactically~*~*~ (outnumbered).
You start resting.
An orc priest is nearby!
You shoot a sling bullet.
The sling bullet hits the orc priest but does no damage.
The orc priest hits you but does no damage.
You shoot a sling bullet. The sling bullet hits the orc priest.
The orc priest is lightly wounded.
You hear a shout!
The orc priest looks satisfied for a moment.
You shoot a sling bullet.
The sling bullet closely misses the orc priest.
You shoot a sling bullet.
The sling bullet closely misses the orc priest.
The orc priest barely misses you. The orc misses you.
The orc priest casts a cantrip, but nothing happens.
You shoot a sling bullet.
The sling bullet closely misses the orc priest.
The orc hits you but does no damage.
The orc priest mumbles some strange prayers to Beogh against you.
Beogh smites you!
Ouch! That really hurt!
The orc misses you.
You shoot a sling bullet.
The sling bullet completely misses the orc priest.
The orc hits you but does no damage. The orc priest barely misses you.
The orc hits you but does no damage.
You shoot a sling bullet. The sling bullet hits the orc priest.
The orc priest is lightly wounded.
The orc closely misses you.
The orc priest hits you but does no damage.
The orc hits you from afar with a +0 trident.
You shoot a sling bullet.
The sling bullet barely misses the orc priest.
The orc priest hits you with a +0 dagger.
The orc hits you with a +0 short sword.
You die...

#.#.##.######
#.#.##.# #####.
#.#....# ....o
#.###..### ....
#.#......#
...o###.#.#..#.#
...o.........#.#
##.###o#....#.#
#.#@..#....#.#
#.oo..#....#.#
.......#.#<#....#.#
######.#.#.#....#.#
#.#.#......#
#.#.#.#....#
#.#.#.#.. #.#.#.#
.. #.#.#


You could see an orc priest and 2 orcs.

Vanquished Creatures
  A worm (D:2)
  A dart slug (D:1)
  An orc (D:3)
  3 bats
  4 endoplasms
  A giant cockroach (D:1)
  3 goblins (D:1)
  2 hobgoblins
  3 jackals (D:2)
  A quokka (D:1)
  6 ball pythons
  2 frilled lizards (D:1)
  9 kobolds
  3 rats
40 creatures vanquished.

Notes
Turn   | Place    | Note
-------+----------+-------------------------------------------
     0 | D:1      | qw the Gargoyle Hexslinger began the quest for the Orb.
     0 | D:1      | Reached XP level 1. HP: 12/12 MP: 2/2
     0 | D:1      | 0 ||| qw: Version: 0.3-a-46-gb1f654a
     0 | D:1      | 0 ||| qw: Game counter: 3046
     0 | D:1      | 0 ||| qw: Melee chars always use a shield: true
     0 | D:1      | 0 ||| qw: God list: Okawaru
     0 | D:1      | 0 ||| qw: Allow faded altars: false
     0 | D:1      | 0 ||| qw: Do Orc after clearing Dungeon:15 true
     0 | D:1      | 0 ||| qw: Do second Lair branch before Depths: true
     0 | D:1      | 0 ||| qw: Lair rune preference: random
     0 | D:1      | 0 ||| qw: Goals: Normal
     0 | D:1      | 0 ||| PLANNING D:1-11
   230 | D:1      | Reached XP level 2. HP: 16/16 MP: 3/3
   379 | D:1      | Reached skill level 3 in Ranged Weapons
   621 | D:1      | Reached XP level 3. HP: 21/21 MP: 4/4
   754 | D:1      | 754 ||| UPGRADING to amulet of the acrobat.
   759 | D:1      | 759 ||| READING 2 scrolls labelled RUPLAA KILOD.
   760 | D:1      | 760 ||| READING scroll labelled JAAL VOYVVOIBI.
   761 | D:1      | 761 ||| DROPPING scroll of vulnerability.
   762 | D:1      | 762 ||| DROPPING scroll of poison.
  1222 | D:2      | 1222 ||| READING scroll labelled ENUFEGUURGHA.
  1223 | D:2      | 1223 ||| READING scroll labelled ELAKUU VUREL.
  1224 | D:2      | 1224 ||| READING scroll labelled SOGEWYFE QEDA.
  1239 | D:2      | 1239 ||| DRINKING 2 fizzy red potions.
  1240 | D:2      | 1240 ||| DRINKING 2 fuming golden potions.
  1396 | D:3      | 1396 ||| Stepping ~*~*~tactically~*~*~ (outnumbered).
  1400 | D:3      | 1400 ||| Stepping ~*~*~tactically~*~*~ (outnumbered).
  1409 | D:3      | HP: 5/21 [orc/+0 trident (3)]
  1410 | D:3      | HP: 2/21 [orc priest/+0 dagger (3)]
  1410 | D:3      | Slain by an orc

Levels and vault maps discovered:
D:1:      matt_arrival_refuge, layout_loops_ring, minmay_misc_feat_square
D:2:      layout_rooms
D:3:      layout_basic, marbit_many_paths, hex_medium, uniq_jessica

Skill      XL: |  1  2  3 |
---------------+----------+-----
Ranged Weapons | 3 |  3.5
Fighting       | 2 |  2.1
Dodging        | |  1.5
Spellcasting   | |  1.0
Hexes          | |  2.6

Action                     || total
---------------------------++-------
   Fire: Sling             ||   129
    Use: Scroll            ||     5
         Potion            ||     2
 Armour: Robe              ||    11
  Dodge: Dodged            ||    34

Table legend:
 A = Non-vault XP
 B = Vault XP
 C = Vault XP percentage of total XP
 D = Non-vault monster count
 E = Vault monster count
 F = Vault count percentage of total count
                 A         B        C        D         E       F
            +---------+---------+-------+---------+---------+-------
      Total |      71 |       0 |   0.0 |      40 |       0 |   0.0
            +---------+---------+-------+---------+---------+-------
        D:1 |      38 |       0 |   0.0 |      22 |       0 |   0.0
        D:2 |      23 |       0 |   0.0 |      12 |       0 |   0.0
        D:3 |      10 |       0 |   0.0 |       6 |       0 |   0.0
            +---------+---------+-------+---------+---------+-------
